 Dungeon Crawl Stone Soup version 0.29-a0-234-g0dae59b3db (webtiles) character file.

Game seed: 1698587114892350070

680 spaghetti the Shield-Bearer (level 7, -6/46 HPs)
             Began as an Octopode Fighter on Mar 3, 2022.
             Mangled by a water moccasin (7 damage)
             ... on level 5 of the Dungeon.
             The game lasted 00:04:54 (4318 turns).

spaghetti the Shield-Bearer (Octopode Fighter)      Turns: 4318, Time: 00:04:54

Health: -6/46      AC:  1    Str: 16    XL:     7   Next: 60%
Magic:  7/7        EV: 16    Int: 10    God:
Gold:   222        SH: 11    Dex: 19    Spells: 6/6 levels left

rFire   + . .      SeeInvis .   e - +2 flail (vorpal) {mace}
rCold   . . .      Faith    .   b - +0 buckler
rNeg    . . .      Spirit   .   (helmet restricted)
rPois   .          Reflect  +   s - amulet of reflection
rElec   .          Harm     .   f - +6 ring of dexterity
rCorr   .          Rampage  .   i - ring of protection from fire
Will    .....                   (no ring)
Stlth   +++.......              (no ring)
HPRegen 0.15/turn               (no ring)
MPRegen 0.10/turn               (no ring)
                                (no ring)
                                (no ring)

@: lethally poisoned (-6 -> -20), about to teleport, invisible
A: almost no armour, amphibious, 8 rings, camouflage 1, gelatinous body 1,
(nimble swimmer 1), tentacles
a: no special abilities


You were on level 5 of the Dungeon.
You visited 1 branch of the dungeon, and saw 5 of its levels.

You collected 222 gold pieces.


Innate Abilities, Weirdness & Mutations

You cannot wear most types of armour.
You are amphibious.
You can wear up to eight rings at the same time.
Your skin changes colour to match your surroundings (Stealth+).
Your rubbery body absorbs attacks. (AC +1, EV +1)
((You are camouflaged when in or above water. (Stealth+)))
You have tentacles for arms and can constrict up to eight enemies at once.


   Skills:
 - Level 3.0 Fighting
 - Level 2.0 Long Blades
 * Level 5.8 Dodging
 + Level 6.1 Shields
 + Level 3.5 Evocations


You had 6 spell levels left.
You didn't know any spells.
Your spell library contained the following spells:

 Spells                   Type           Power      Damage    Failure   Level
 Ensorcelled Hibernation  Hex/Ice        0%         N/A       58%         2
 Passwall                 Tmut/Erth      0%         N/A       58%         2
 Frozen Ramparts          Ice            0%         1d2       82%         3
 Swiftness                Air            0%         N/A       82%         3
 Ice Form                 Ice/Tmut       0%         N/A       99%         4
 Summon Ice Beast         Ice/Summ       0%         N/A       99%         4
 Iskenderun's Battlesphe  Conj           0%         2d6       100%        5
 Iron Shot                Conj/Erth      0%         9d1       100%        6
 Spellforged Servitor     Conj/Summ      0%         N/A       100%        7

Inventory:

Hand Weapons
 a - a +1 long sword {long}
 e - a +2 vorpal flail (weapon) {mace}
   (You took it off an orc on level 4 of the Dungeon)
Missiles
 j - 102 stones (quivered) {throwing}
Armour
 b - a +0 buckler (worn)
Magical Staves
 c - a staff of fire {!astaff}
   (You found it on level 4 of the Dungeon)
 k - a staff of poison {!astaff}
   (You found it on level 2 of the Dungeon)
 m - a staff of earth {!astaff}
   (You found it on level 3 of the Dungeon)
Jewellery
 f - a +6 ring of dexterity (left tentacle)
   (You found it on level 1 of the Dungeon)
 i - a ring of protection from fire (right tentacle)
   (You found it on level 1 of the Dungeon)
 s - an amulet of reflection (around mantle)
   (You found it on level 4 of the Dungeon)
Scrolls
 n - a scroll of vulnerability {!r!r}
Potions
 d - a potion of cancellation
 g - 2 potions of brilliance
 h - 3 potions of attraction {!q}
 p - a potion of ambrosia {unknown}
 q - 2 potions of degeneration {unknown}
 t - a potion of lignification {unknown}

Dungeon Overview and Level Annotations

Branches:
Dungeon (5/15)
 Temple: D:4-7

Altars:

#....'....##...#...
#.####....##.>.#.⌠. #.#
#######...#... #.#
#####...#'#+
#####'#+####.......+...
#...†$....##.>.....#.8.
#.........##......)'...
#.........######..)#+#'
#.....@...# #...#...
#....hhS..# #.>.#.⌠.
#...)...[.+ #...#...
#...(.....# #####...
#.........# #...
#........... #...
#............ #.##
#....∩....... #.
########.....


You could see a water moccasin and 2 hounds.


Message History

You take 6 damage, and now have 40/46 hp.
You closely miss the orc. You grab the orc. You constrict the orc.
The orc completely misses you. You block the orc's attack.
You sock the orc!
You kill the orc!
You block the orc's attack.
You closely miss the orc. You grab the orc. You constrict the orc.
The orc hits you with a +0 mace. You block the orc's attack. 😕 HP[-1]
You take 1 damage, and now have 39/46 hp.
You thump the orc!
You kill the orc!
You hear the slow hiss of an avalanche of sand nearby.
Things that are here:
a +0 flail {mace}; a +0 dagger {short}; an orc corpse 😎 HP[+7]
Your hp is fully restored (46).
Things that are here:
a +0 mace {mace}; an orc corpse
There is an open door, spattered with blood here.
You open the door.
There is an open door here.
You hear the slow hiss of a distant avalanche of sand.
Found a stone staircase leading down.
You now have 202 gold pieces (gained 10).
You now have 216 gold pieces (gained 14).
You now have 222 gold pieces (gained 6).
j - 102 stones {throwing} (gained 6)
You open the door.
There is an open door here.
q - 2 lumpy orange potions (gained 1)
You open the door.
A quokka comes into view.
There is an open door here.
A quokka is nearby!
A quokka is nearby!
You sock the quokka!
You kill the quokka!
Your Shields skill increases to level 6!
No target in view!
A water moccasin comes into view.
You see here 5 gold pieces.
A water moccasin is nearby!
A hound and an ogre come into view.
A hound comes into view.
The water moccasin hisses angrily.
The hound barks!
You hear the slow hiss of a very distant avalanche of sand.
The water moccasin closely misses you. You block the ogre's attack.
You sock the ogre!
The water moccasin completely misses you.
You block the water moccasin's attack. You block the ogre's attack.
You sock the ogre! The hound barely misses you.
You block the water moccasin's attack. You block the hound's attack. x2
You block the water moccasin's attack. The ogre barely misses you.
You completely miss the ogre. You squeeze the ogre.
You kill the ogre!
You block the hound's attack. x2
The water moccasin completely misses you.
The hound bites you. You block the hound's attack.
The water moccasin bites you.
You are poisoned.
The water moccasin poisons you! The hound misses you. 😕 HP[-7]
You take 7 damage, and now have 39/46 hp.
You sock the hound! Your grab misses the hound.
You tentacle-slap the hound, but do no damage.
You feel very sick. The hound bites you. The water moccasin barely misses you.
The hound completely misses you. The hound barely misses you.
The water moccasin bites you.
* * * LOW HITPOINT WARNING * * *
You block the hound's attack. x2 😨 HP[-17]
You take 17 damage, and now have 22/46 hp.
MASSIVE DAMAGE!! (PAUSE)
As you read the scroll of teleportation {@r4}, it crumbles to dust.
You feel strangely unstable.
You feel very sick. You block the water moccasin's attack.
The hound barely misses you. You block the hound's attack.
The water moccasin bites you!
* * * LOW HITPOINT WARNING * * *
You are lethally poisoned!
The water moccasin poisons you! 😨 HP[-9]
You take 9 damage, and now have 13/46 hp.
Okay, then.
* * * LOW HITPOINT WARNING * * *
You feel very sick. The hound bites you.
* * * LOW HITPOINT WARNING * * *
The hound barely misses you. You block the hound's attack. 😱 HP[-9]
You take 9 damage, and now have 4/46 hp.
Unknown command.
It was a potion of invisibility.
You fade into invisibility!
* * * LOW HITPOINT WARNING * * *
You feel very sick. The hound closely misses you. The water moccasin bites you!
You die...

Skill      XL: |  1  2  3  4  5  6  7 |
---------------+----------------------+-----
Dodging        | 4 5 |  5.8
Shields        | 4 5 6 |  6.1
Evocations     | 1 2 3 |  3.5
Fighting       | |  3.0
Long Blades    | |  2.0

Action                   |  1- 3 |  4- 6 |  7- 9 || total
-------------------------+-------+-------+-------++-------
Melee: Long sword        |    53 |    77 |     1 ||   131
       Tentacles         |    14 |    13 |     8 ||    35
       Constrict         |    13 |    18 |     2 ||    33
       Punch             |     1 |       |     1 ||     2
       Flail             |       |       |    31 ||    31
Throw: Stone             |       |     7 |       ||     7
  Use: Scroll            |     6 |       |     5 ||    11
       Potion            |       |     2 |     2 ||     4
 Stab: Sleeping          |    10 |     7 |     3 ||    20
Armor: Skin              |       |       |     1 ||     1
Dodge: Dodged            |    22 |    65 |    25 ||   112
Block: Buckler           |     6 |    27 |    25 ||    58

Levels and vault maps discovered:
D:1:      ncdulo_halloftheorcs, layout_loops_corners,
          chequers_serial_rivers_small_3
D:2:      layout_loops_cross, minmay_tree_intersection
D:3:      layout_loops_cross, ebering_ecumenical_altar_rust,
          minmay_misc_feat_enclosed
D:4:      cheibrodos_barr_body, layout_cave_pools
D:5:      layout_basic, nicolae_ossuary_entry_giza, abandoned_shop,
          grunt_ministairs_8, nicolae_elevator_lobby_plus

Notes
Turn   | Place    | Note
-------+----------+-------------------------------------------
     0 | D:1      | spaghetti the Octopode Fighter began the quest for the Orb.
     0 | D:1      | Reached XP level 1. HP: 16/16 MP: 1/1
     0 | D:1      | magus.rc [v1.9.6]
   209 | D:1      | Reached XP level 2. HP: 21/21 MP: 2/2
   770 | D:1      | You pick up a book of Burglary and begin reading...
   770 | D:1      | You add the spells Passwall, Ensorcelled Hibernation and
                  | Swiftness to your library.
   939 | D:1      | Reached skill level 4 in Dodging
  1007 | D:1      | Reached XP level 3. HP: 26/26 MP: 3/3
  1792 | D:2      | Reached XP level 4. HP: 31/31 MP: 4/4
  2084 | D:3      | Found a faded altar of an unknown god.
  2881 | D:4      | Noticed an ogre
  2960 | D:4      | Killed an ogre
  2961 | D:4      | Reached skill level 4 in Shields
  2961 | D:4      | Reached skill level 1 in Evocations
  2961 | D:4      | Reached XP level 5. HP: 36/36 MP: 5/5
  3072 | D:4      | Noticed a phantom
  3082 | D:4      | Killed a phantom
  3083 | D:4      | Reached skill level 5 in Dodging
  3083 | D:4      | Reached skill level 2 in Evocations
  3083 | D:4      | Reached XP level 6. HP: 39/42 MP: 6/6
  3110 | D:4      | You pick up a book of Power and begin reading...
  3110 | D:4      | You add the spells Iskenderun's Battlesphere, Iron Shot and
                  | Spellforged Servitor to your library.
  3214 | D:4      | Reached skill level 5 in Shields
  3303 | D:4      | You pick up a book of Rime and begin reading...
  3303 | D:4      | You add the spells Frozen Ramparts, Ice Form and Summon Ice
                  | Beast to your library.
  3457 | D:4      | Reached XP level 7. HP: 41/46 MP: 7/7
  3503 | D:4      | HP: 8/46 [something (4)]
  3503 | D:4      | HP: 2/46 [something (6)]
  3507 | D:4      | Reached skill level 3 in Evocations
  4062 | D:5      | Entered Level 5 of the Dungeon
  4307 | D:5      | Reached skill level 6 in Shields
  4317 | D:5      | HP: 8/46 [poisoned by a water moccasin]
  4318 | D:5      | HP: 1/46 [poisoned by a water moccasin]
  4318 | D:5      | Mangled by a water moccasin

Vanquished Creatures
  A sky beast (D:4)
  2 ogres
  A phantom (D:4)
  A scorpion (D:4)
  A hound (D:4)
  2 jellies
  An iguana (D:4)
  4 adders
  3 gnolls (D:4)
  An ufetubus (D:4)
  2 worms (D:2)
  A dart slug (D:1)
  6 orcs
  12 endoplasms
  4 giant cockroaches
  9 goblins
  6 hobgoblins
  3 jackals (D:1)
  6 kobolds
  5 quokkas
  8 ball pythons
  5 bats
  2 frilled lizards
  4 rats
90 creatures vanquished.

Table legend:
 A = Non-vault XP
 B = Vault XP
 C = Vault XP percentage of total XP
 D = Non-vault monster count
 E = Vault monster count
 F = Vault count percentage of total count
                 A         B        C        D         E       F
            +---------+---------+-------+---------+---------+-------
      Total |     697 |     275 |  28.3 |      76 |      14 |  15.6
            +---------+---------+-------+---------+---------+-------
        D:1 |      42 |       0 |   0.0 |      24 |       0 |   0.0
        D:2 |      48 |       0 |   0.0 |      16 |       0 |   0.0
        D:3 |      49 |       0 |   0.0 |      16 |       0 |   0.0
        D:4 |     388 |     275 |  41.5 |      14 |      14 |  50.0
        D:5 |     170 |       0 |   0.0 |       6 |       0 |   0.0
            +---------+---------+-------+---------+---------+-------

Illustrated notes

Table legend:
 A = Kills in this place as a percentage of kills in entire the game.
 B = Kills by you in this place as a percentage of kills by you in the entire game.
 C = Kills by friends in this place as a percentage of kills by friends in the entire game.
 D = Other kills in this place as a percentage of other kills in the entire game.
 E = Experience gained in this place as a percentage of experience gained in the entire game.
 F = Experience gained in this place divided by the number of levels of this place that you have seen.
                   A       B       C       D       E      F
               +-------+-------+-------+-------+-------+----------------------
         Total | 100.0 | 100.0 |   N/A |   N/A | 100.0 | 194.4
       Dungeon | 100.0 | 100.0 |   N/A |   N/A | 100.0 | 194.4
               +-------+-------+-------+-------+-------+----------------------

Table legend: (Time is in decaauts)
 A = Elapsed time spent in this place.
 B = Non-inter-level travel time spent in this place.
 C = Inter-level travel time spent in this place.
 D = Time resting spent in this place.
 E = Time spent auto-exploring this place.
 F = Levels seen in this place.
 G = Mean time per level.
                   A        B        C        D        E       F      G
               +--------+--------+--------+--------+--------+-----+--------+
         Total |   4376 |   4222 |    154 |    886 |   2766 |   5 |  875.2 |
       Dungeon |   4376 |   4222 |    154 |    886 |   2766 |   5 |  875.2 |
               +--------+--------+--------+--------+--------+-----+--------+

Top non-repeatable levels by time:
     D:1: 1344 daAuts
     D:4: 1273 daAuts
     D:3: 831 daAuts
     D:2: 666 daAuts
     D:5: 261 daAuts
